 Dungeon Crawl Stone Soup version 0.23-a0-49-gd9f7a49 (webtiles) character file.

371 Amnesiac the Magician (level 6, -3/41 HPs)
             Began as a Mummy Earth Elementalist on Aug 6, 2018.
             Slain by a worker ant (4 damage)
             ... on level 5 of the Dungeon.
             The game lasted 00:02:43 (981 turns).

Amnesiac the Magician (Mummy Earth Elementalist)     Turns: 981, Time: 00:02:43

Health: -3/41      AC:  3    Str: 11    XL:     6   Next: 42%
Magic:  1/13       EV: 11    Int: 14    God:
Gold:   49         SH:  0    Dex: 13    Spells: 5/15 levels left

rFire    x . .     SeeInvis .   a - +2 whip (flame)
rCold    + . .     Gourm    .   (no shield)
rNeg     + + +     Faith    .   j - +0 leather armour (curse)
rPois    ∞         Spirit   .   (no helmet)
rElec    .         Reflect  .   (no cloak)
rCorr    .         Harm     .   (no gloves)
MR       .....                  (no boots)
Stlth    ++........             (no amulet)
HPRegen  0.13/turn              e - ring of wizardry
MPRegen  0.13/turn              g - -2 ring of intelligence (curse)

@: no status effects
A: no food or potions, fire vulnerability, cold resistance 1, negative energy
resistance 3, torment resistance, unbreathing
a: no special abilities


You were on level 5 of the Dungeon.
You were not hungry.

You visited 1 branch of the dungeon, and saw 5 of its levels.

You collected 49 gold pieces.

Inventory:

Hand Weapons
 a - a +2 whip of flaming (weapon)
Missiles
 b - 23 stones (quivered)
Armour
 c - a +0 robe
 f - a +0 ring mail
 j - a cursed +0 leather armour (worn)
Jewellery
 e - a ring of wizardry (left hand)
 g - a cursed -2 ring of intelligence (right hand)
Wands
 d - a wand of polymorph (9)
 i - a wand of enslavement (14)
Scrolls
 h - 2 scrolls of amnesia {!r}


   Skills:
 - Level 1.5 Dodging
 - Level 1.5 Stealth
 + Level 5.2 Spellcasting
 - Level 0.7 Transmutations
 * Level 5.2 Earth Magic


You had 5 spell levels left.
You knew the following spells:

 Your Spells              Type           Power        Failure   Level  Hunger
a - Sandblast             Erth           ###...       1%          1    N/A
b - Passwall              Tmut/Erth      ##......     4%          2    N/A
c - Stone Arrow           Conj/Erth      ##....       10%         3    N/A
e - Petrify               Tmut/Erth      ##......     26%         4    N/A

Your spell library contained the following spells:

 Spells                   Type           Power        Failure   Level  Hunger
 Lee's Rapid Deconstruct  Erth           ###.......   28%         5    N/A

Dungeon Overview and Level Annotations

Branches:
Dungeon (5/15)
 Temple: D:4-7

Altars:
Trog


Innate Abilities, Weirdness & Mutations

You do not eat or drink.
Your flesh is vulnerable to fire.
You are immune to poison.
Your flesh is cold resistant. (rC+)
You are immune to negative energy. (rN+++)
You are immune to unholy pain and torment.
You can survive without breathing.


Message History

b - 24 stones The water moccasin skeleton barely misses you.
Unknown command.
You whack the water moccasin skeleton! You burn the water moccasin skeleton.
You destroy the water moccasin skeleton!
The jackal closely misses you.
An adder skeleton comes into view.
The jackal closely misses you. The jackal closely misses you.
Casting: Sandblast (safe; 1% risk of failure)
Confirm with . or Enter, or press ? or * to list all spells.
Aiming: Sandblast (safe; 1% risk of failure)
Press: ? - help, Shift-Dir - straight line, f - jackal
Aim: a jackal The blast of sand hits the jackal.
b - 23 stones The jackal bites you but does no damage.
Unknown command.
The jackal bites you.
* * * LOW HITPOINT WARNING * * *
The jackal closely misses you.
Found a runed paperback book.
The jackal misses you. The jackal closely misses you.
Press: ? - help, v - describe, . - travel, g - get item A runed paperback book.
The floor.
You hear the rapid rusting of a drain nearby.
The jackal bites you.
* * * LOW HITPOINT WARNING * * *
The shadow imp shouts, "Remove thy stench, thou simpering beetle-headed fleecer!"
The jackal bites you.
* * * LOW HITPOINT WARNING * * *
The gnoll shaman shouts!
Found a bloodstained altar of Trog.
The jackal barely misses you. The jackal misses you.
A worker ant comes into view.
You hear the drain falling apart.
The jackal barely misses you.
The worker ant twitches its antennae in your direction.
Okay, then.
The jackal barely misses you.
Unknown command.
The worker ant bites you.
* * * LOW HITPOINT WARNING * * *
Unknown command.
Casting: Sandblast (safe; 1% risk of failure)
Confirm with . or Enter, or press ? or * to list all spells.
Aiming: Passwall (safe; 4% risk of failure)
Press: ? - help, Dir - move target cursor, p - jackal A rock wall.
The jackal bites you but does no damage.
The worker ant waves its antennae.
The worker ant misses you.
You begin to meditate on the wall.
You continue meditating on the rock.
The jackal closely misses you. The worker ant closely misses you.
The jackal completely misses you.
You continue meditating on the rock.
The worker ant bites you.
* * * LOW HITPOINT WARNING * * *
The jackal bites you but does no damage.
The worker ant bites you.
You die...

##5# #... #..# #... #.##
###... ####.#.....
#.5......... #
#.##.#.._... # #.#.#
#.##.#.....###
......#####g##.#.....##.
......a@hg5...........+.
#.....#####.####...####.
..... #... ## # ###.
##### # # #### #...
###.##


You could see a gnoll shaman, a worker ant, a gnoll, a shadow imp and a jackal.

Vanquished Creatures
  A phantom (D:4)
  A scorpion (D:4)
  A water moccasin skeleton (D:5)
  A hound (D:5)
  A centaur skeleton (D:4)
  2 worker ants (D:4)
  A howler monkey skeleton (D:4)
  An adder (D:4)
  4 gnolls (D:5)
  5 orcs (D:4)
  3 jackals (D:5)
  A frilled lizard (D:4)
  A quokka skeleton (D:5)
  2 rats
25 creatures vanquished.

Notes
Turn   | Place    | Note
-------+----------+-------------------------------------------
     0 | D:1      | Amnesiac the Mummy Earth Elementalist began the quest for the Orb.
     0 | D:1      | Reached XP level 1. HP: 13/13 MP: 4/4
   240 | D:5      | Entered Level 5 of the Dungeon
   290 | D:5      | Noticed a gnoll shaman
   297 | D:5      | Reached XP level 2. HP: 19/19 MP: 2/5
   338 | D:4      | Reached XP level 3. HP: 8/24 MP: 1/7
   342 | D:4      | Learned a level 2 spell: Passwall
   346 | D:4      | Learned a level 3 spell: Stone Arrow
   376 | D:4      | Noticed a phantom
   386 | D:4      | Killed a phantom
   386 | D:4      | Reached XP level 4. HP: 15/30 MP: 0/10
   415 | D:4      | Reached XP level 5. HP: 17/35 MP: 0/11
   421 | D:4      | Learned a level 4 spell: Petrify
   837 | D:5      | Reached XP level 6. HP: 32/41 MP: 9/13
   922 | D:5      | Reached skill level 5 in Spellcasting
   922 | D:5      | Reached skill level 5 in Earth Magic
   969 | D:5      | Found a bloodstained altar of Trog.
   981 | D:5      | HP: 1/41 [worker ant (6)]
   981 | D:5      | Slain by a worker ant

Vault maps used:
D:1:      dpeg_arrival_line_fractal, amethyst_killhole
D:2:      first_ration, nicolae_ru_the_path_less_chosen, uniq_robin
D:5:      basic_altar, lightli_sewer_entry_pipes, due_unseen_surprise,
          uniq_menkaure

Skill      XL: |  1  2  3  4  5  6 |
---------------+-------------------+-----
Spellcasting   | 3 4 5 |  5.2
Earth Magic    | 3 4 5 |  5.2
Dodging        | |  1.5
Stealth        | |  1.5
Transmutations | |  0.7

Action                   |  1- 3 |  4- 6 || total
-------------------------+-------+-------++-------
Melee: Mace              |    21 |       ||    21
       Whip              |     6 |    22 ||    28
 Cast: Sandblast         |    12 |    33 ||    45
       Stone Arrow       |       |     4 ||     4
       Passwall          |       |     3 ||     3
  Use: Scroll            |       |     1 ||     1
Armor: Robe              |     3 |       ||     3
       Ring mail         |     5 |     2 ||     7
       Leather armour    |       |    10 ||    10
Dodge: Dodged            |    26 |    40 ||    66

Table legend:
 A = Spawn XP
 B = Non-spawn XP
 C = Spawn XP percentage of total XP
 D = Spawn monster count
 E = Non-spawn monster count
 F = Spawn count percentage of total count
 G = Total turns spent on level
                    A         B        C        D         E        F      G
               +---------+---------+-------+---------+---------+-------+---------
         Total |       0 |     531 |   0.0 |       0 |      25 |   0.0 |   981
               +---------+---------+-------+---------+---------+-------+---------
           D:2 |       0 |       1 |   0.0 |       0 |       1 |   0.0 |    31
           D:3 |       0 |       1 |   0.0 |       0 |       1 |   0.0 |    91
           D:4 |       0 |     355 |   0.0 |       0 |      13 |   0.0 |   653
           D:5 |       0 |     174 |   0.0 |       0 |      10 |   0.0 |   186
               +---------+---------+-------+---------+---------+-------+---------
